 Dungeon Crawl Stone Soup version 0.17-a0-1442-g10bb59b (webtiles) character file.

53 mrath the Conjurer (level 3, -2/26 HPs)
             Began as a Demigod Conjurer on June 28, 2015.
             Slain by a goblin
             ... wielding a +0 dagger
             ... led by Robin
              (3 damage)
             ... on level 2 of the Dungeon.
             The game lasted 00:16:31 (942 turns).

mrath the Conjurer (Demigod Conjurer)                Turns: 942, Time: 00:16:31

Health: -2/26      AC:  2    Str: 11    XL:     3   Next: 41%
Magic:  3/8        EV: 18    Int: 21    God:
Gold:   30         SH:  0    Dex: 21    Spells: 1 memorised, 5 levels left

rFire  . . .     SeeInvis .     d - +0 short sword
rCold  . . .     Clarity  .     a - +0 robe
rNeg   . . .     SustAt   +     (no shield)
rPois  .         Gourm    .     (no helmet)
rElec  .         Spirit   .     (no cloak)
rCorr  .         Warding  .     (no gloves)
rMut   .         Stasis   .     (no boots)
MR     .....                    (no amulet)
Stlth  +++.......               (no ring)
                                (no ring)

@: agile, not resistant to hostile enchantments, fairly stealthy
A: high mp 1, sustain attributes
a: no special abilities


You were on level 2 of the Dungeon.
You were not hungry.

You visited 1 branch of the dungeon, and saw 2 of its levels.

You collected 30 gold pieces.

Inventory:

Hand weapons
 d - a +0 short sword (weapon)
 e - a +0 spear
Missiles
 g - 34 stones (quivered)
 j - 23 arrows
Armour
 a - a +0 robe (worn)
Books
 b - a book of Conjurations

   Spells                             Type                      Level
   a - Magic Dart                     Conjuration                  1
   b - Searing Ray                    Conjuration                  2
   c - Dazzling Spray                 Conjuration/Hexes            3
   d - Fulminant Prism                Conjuration/Hexes            4
   e - Iskenderun's Mystic Blast      Conjuration                  4
   f - Iskenderun's Battlesphere      Conjuration/Charms           5
Comestibles
 c - a bread ration
 f - 3 fruits
 i - 7 chunks of flesh


   Skills:
 + Level 2.1 Dodging
 + Level 1.8 Stealth
 + Level 2.2 Spellcasting
 + Level 4.4 Conjurations


You had 5 spell levels left.
You knew the following spells:

 Your Spells              Type           Power        Failure   Level  Hunger
a - Magic Dart            Conj           ###.         1%          1    #......


Dungeon Overview and Level Annotations

Branches:
Dungeon (2/15)

Annotations:
D:2 Robin


Innate Abilities, Weirdness & Mutations

You have an increased reservoir of magic (+10% MP).
Your attributes are resistant to harm.


Message History

You kill the goblin!
The goblin closely misses you. Robin hits you but does no damage.
Robin flexes a bicep menacingly.
Robin throws the goblin at you!
Things that are here:
a dagger; a goblin corpse You hit the goblin.
You kill the goblin!
The goblin barely misses you.
Robin roars a battlecry!
The goblins go into a battle-frenzy!
You see here a dagger.
Robin says, "Kneel, worm!"
Robin throws the goblin at you!
* * * LOW HITPOINT WARNING * * *
You barely miss the goblin. The goblin hits you but does no damage.
The goblin misses you.
You barely miss the goblin. The goblin closely misses you.
The goblin closely misses you. The goblin hits you with a dagger.
You die...

. .# . #..........#. ####.# ..
#............ .....#
#.##............ .....#
............... .....#
#............ .....# #...........
.....# ##........... .....#####
#########...........(
.........##.##.g@gsggg..........#
.........<..##.######....÷......#
......##.#####.# #..........##
###........##..# #..........#
#..[####......## #.........##
..### #..#÷### #........## ###
#.##..# #.#...#### #.###...
...#.### #.. #### ## #.


You could see Robin, a giant cockroach and 4 goblins.

Vanquished Creatures
  An adder (D:2)
  An ooze (D:1)
  A giant gecko (D:2)
  2 ball pythons
  A giant cockroach (D:1)
  9 goblins
  3 hobgoblins
  4 jackals (D:1)
  3 kobolds (D:1)
  2 quokkas (D:2)
  4 bats
  2 giant newts (D:1)
  3 rats
36 creatures vanquished.

Notes
Turn   | Place    | Note
--------------------------------------------------------------
     0 | D:1      | mrath the Demigod Conjurer began the quest for the Orb.
     0 | D:1      | Reached XP level 1. HP: 14/14 MP: 5/5
   310 | D:1      | Reached skill level 4 in Conjurations
   310 | D:1      | Reached XP level 2. HP: 14/20 MP: 1/7
   637 | D:1      | You fall through a shaft!
   786 | D:2      | Reached XP level 3. HP: 26/26 MP: 3/8
   910 | D:2      | Noticed Robin
   940 | D:2      | HP: 1/26 [Robin/goblin (3)]
   942 | D:2      | Slain by a goblin

Vault maps used:
D:1:      minmay_arrival_jagged, minivault_19
D:2:      nemelex_xobeh_ov_fountains_minmay, nicolae_overflow_hidden_temple,
          bloody_trog, uniq_robin

Action                   || total
-------------------------++-------
Melee: Short sword       ||    34
Throw: Stone             ||     1
 Cast: Magic Dart        ||    58
  Use: Scroll            ||     1
       Potion            ||     1
  Eat: Chunk             ||     1
